 Dungeon Crawl Stone Soup version 0.30.0-10-gfe55d96785 (webtiles) character file.

Game seed: 9849384723264012600

179 Persephone the Trooper (level 5, -8/34 HPs)
             Began as a Gargoyle Fighter on May 13, 2023.
             Mangled by a wight
             ... wielding a +3 trident
              (12 damage)
             ... on level 3 of the Dungeon.
             The game lasted 00:02:37 (1460 turns).

Persephone the Trooper (Gargoyle Fighter)           Turns: 1460, Time: 00:02:37

Health: -8/34      AC: 15    Str: 22    XL:     5   Next: 59%
Magic:  5/5        EV:  8    Int:  8    God:
Gold:   165        SH:  4    Dex:  9    Spells: 4/4 levels left

rFire   . . .        a - +1 war axe
rCold   . . .        c - +0 buckler
rNeg    + . .        e - +1 chain mail
rPois   ∞            (no helmet)
rElec   +            (no cloak)
rCorr   .            m - +0 pair of gloves
SInv    .            (no boots)
Will    .....        (no amulet) Stlth
                     (no ring)
HPRegen 0.25/turn    (no ring)
MPRegen 0.09/turn

%: no passive effects
@: mighty, hasted, very quick
A: sickness immunity, AC +4, negative energy resistance 1, electricity
resistance, torment resistance 1, petrification resistance
a: no special abilities


You were on level 3 of the Dungeon.
You visited 1 branch of the dungeon, and saw 3 of its levels.

You collected 165 gold pieces.

Inventory:

Hand Weapons
 a - a +1 war axe (weapon)
Missiles
 f - a throwing net (quivered)
Armour
 c - a +0 buckler (worn)
 e - a +1 chain mail (worn)
 m - a +0 pair of gloves (worn)
Potions
 g - a potion of lignification {unknown}
 k - a potion of ambrosia {unknown}
 l - a potion of attraction {unknown}
 n - a potion of berserk rage {unknown}
 s - a potion of mutation {unknown}
 t - a potion of flight {unknown}
 u - a potion of invisibility {unknown}


   Skills:
 + Level 4.6 Fighting
 * Level 4.2 Axes
 - Level 3.3 Armour
 - Level 3.3 Shields


You had 4 spell levels left.
You didn't know any spells.
Your spell library was empty.

Dungeon Overview and Level Annotations

Branches:
Dungeon (3/15)

Altars:

Shops:
D:1 ?


Innate Abilities, Weirdness & Mutations

You are immune to sickness and miasma.
Your stone body is resilient. (AC +4)
You are immune to poison.
You resist negative energy. (rN+)
You are resistant to electric shocks. (rElec)
You are resistant to unholy torment.
You are immune to petrification.


Message History

You closely miss the hound. The hound barely misses you.
The hound bites you but does no damage.
You closely miss the hound. You block the hound's attack.
You miss the hound. The hound bites you but does no damage.
You closely miss the hound. The hound bites you.
The hound bites you but does no damage.
You closely miss the hound. The hound bites you.
You slash the hound!
The hound is almost dead.
The hound bites you.
You closely miss the hound.
The hound is almost dead.
The hound bites you. The hound barely misses you.
You completely miss the hound.
The hound is almost dead.
You block the hound's attack.
You barely miss the hound.
The hound is almost dead.
The hound bites you but does no damage.
You hit the hound.
You kill the hound!
The bat hits you but does no damage.
You closely miss the bat. The bat hits you but does no damage.
The bat completely misses you. You block the wight's attack.
You closely miss the bat. The bat barely misses you. x2
You block the wight's attack.
You hit the bat.
The bat is severely wounded.
The bat hits you but does no damage. The wight hits you but does no damage.
The bat hits you but does no damage.
You hit the bat.
You kill the bat!
The wight hits you from afar with a +3 trident!
* * * LOW HITPOINT WARNING * * *
Things that are here:
a bat corpse; a hound corpse You barely miss the wight.
The wight is almost destroyed.
The wight hits you with a +3 trident!
You die...

#.8...8.#
#....z#
#.z.###
#z##.#######
#z.zz)......
###zb######.
##z# #z#
##### #@#
#...####.#
#........#
#...######
##)## ###
#.#
..########.#
...#.......#
.....#######


You could see 5 wights and a bat.

Vanquished Creatures
  A hound (D:3)
  Natasha (thrice) (D:2)
  2 adders (D:2)
  A worm (D:2)
  3 dart slugs
  4 ball pythons
  2 endoplasms
  4 giant cockroaches
  5 hobgoblins
  4 jackals (D:1)
  7 kobolds
  2 quokkas
  5 bats
  2 frilled lizards
  A goblin (D:3)
  4 rats
50 creatures vanquished.

Notes
Turn   | Place    | Note
-------+----------+-------------------------------------------
     0 | D:1      | Persephone the Gargoyle Fighter began the quest for the
                  | Orb.
     0 | D:1      | Reached XP level 1. HP: 14/14 MP: 1/1
   147 | D:1      | Reached XP level 2. HP: 12/19 MP: 2/2
   420 | D:1      | Found Livod's Magic Scroll Shoppe.
   744 | D:2      | Noticed Natasha
   750 | D:2      | Killed Natasha
   751 | D:2      | Reached XP level 3. HP: 20/24 MP: 3/3
   793 | D:2      | Reached XP level 4. HP: 29/29 MP: 4/4
   964 | D:2      | Noticed Natasha
   974 | D:2      | Killed Natasha
  1007 | D:2      | Noticed Natasha
  1014 | D:2      | Killed Natasha
  1015 | D:2      | Reached XP level 5. HP: 27/34 MP: 5/5
  1460 | D:3      | Mangled by a wight

Illustrated notes

Levels and vault maps discovered:
D:1:      dpeg_arrival_boxes_within_box, layout_basic, serial_shops, shop
D:2:      minmay_door_path, layout_rooms, kennysheep_generic_room_10,
          uniq_natasha
D:3:      layout_loops_ring, st_stairs_5, dk_noncrumbling_3,
          hangedman_decor_growths, grunt_ministairs_10, minmay_checkerbox

Skill      XL: |  1  2  3  4  5 |
---------------+----------------+-----
Axes           | 2 3 4 |  4.2
Fighting       | 4 |  4.6
Armour         | |  3.3
Shields        | |  3.3

Action                     |  1- 3 |  4- 6 || total
---------------------------+-------+-------++-------
  Melee: War axe           |    70 |    95 ||   165
    Use: Scroll            |       |     7 ||     7
         Potion            |       |     2 ||     2
 Armour: Chain mail        |    46 |    84 ||   130
  Dodge: Dodged            |    39 |    42 ||    81
  Block: Buckler           |    16 |    30 ||    46
